PCL
SAN JOSE MISSIONS @ SANTA MONICA BRUINS
08/03/2030
 
TOP OF THE 1ST
San Jose Missions batting - Pitching for Santa Monica Bruins : RHP Luis De Los Ángeles
Pitching: RHP Luis De Los Ángeles
Batting: RHB Irwin Duncan 0-0: Ground out 5-3 (Groundball, 56S)
Batting: RHB Jesús Cruz 0-0: Ball
1-0: Called Strike
1-1: Foul Ball, location: 2F
1-2: Ground out 1-3 (Groundball, P)
Batting: LHB Weston Chaney 0-0: Ball
1-0: Foul Ball, location: 2F
1-1: Ball
2-1: Foul Ball, location: 2F
2-2: Ball
3-2: SINGLE (Groundball, 56D)
Batting: SHB Ángel González 0-0: Single, Error in OF, E7, batter to second base
Weston Chaney to third
Batting: LHB Chris Moore 0-0: Ball
1-0: Foul Ball, location: 2F
1-1: Swinging Strike
1-2: Strikes out swinging
Top of the 1st over - 0 runs, 2 hits, 1 error, 2 left on base; San Jose 0 - Santa Monica 0
BOTTOM OF THE 1ST
Santa Monica Bruins batting - Pitching for San Jose Missions : LHP Phil Davis
Pitching: LHP Phil Davis
Batting: LHB Michael Myers 0-0: Ball
1-0: Ball
2-0: Ball
3-0: Called Strike
3-1: Fly out, F2 (Popup, 5SF)
Batting: RHB John Nelson 0-0: Ball
1-0: Ball
2-0: SINGLE (Groundball, 4MD)
Batting: RHB Luis Martínez 0-0: Called Strike
0-1: Called Strike
0-2: Grounds into double play, 1-4-3 (Groundball, 15S)
Bottom of the 1st over - 0 runs, 1 hit, 0 errors, 0 left on base; San Jose 0 - Santa Monica 0
TOP OF THE 2ND
San Jose Missions batting - Pitching for Santa Monica Bruins : RHP Luis De Los Ángeles
Batting: RHB Jorge Díaz 0-0: Called Strike
0-1: Swinging Strike
0-2: Ball
1-2: Ball
2-2: Ball
3-2: Base on Balls
Batting: LHB John Foster 0-0: Foul Ball, location: 2F
0-1: Foul Ball, location: 2F
0-2: Strikes out swinging
Batting: RHB Jaime Spiridon Pickoff Throw to First - Error! E1
Jorge Díaz to second
0-0: Foul Ball, location: 2F
0-1: Foul Ball, location: 2F
0-2: Ball
1-2: Ground out 6-3 (Groundball, 6)
Batting: RHB Jaime Rodríguez 0-0: SINGLE (Line Drive, 56)
Jorge Díaz to third
Batting: RHB Irwin Duncan 0-0: Called Strike
0-1: Fly out, F5 (Flyball, 56D)
Top of the 2nd over - 0 runs, 1 hit, 1 error, 2 left on base; San Jose 0 - Santa Monica 0
BOTTOM OF THE 2ND
Santa Monica Bruins batting - Pitching for San Jose Missions : LHP Phil Davis
Batting: LHB Arthur MacDonald 0-0: Ground out 4-3 (Groundball, 4M)
Batting: RHB Javier González 0-0: Ground out 4-3 (Groundball, 4S)
Batting: RHB Armando Colón 0-0: Ball
1-0: Ball
2-0: Called Strike
2-1: Ball
3-1: Base on Balls
Batting: RHB Victor Andrews 0-0: Ball
1-0: Called Strike
1-1: Fly out, F9 (Flyball, 9LS)
Bottom of the 2nd over - 0 runs, 0 hits, 0 errors, 1 left on base; San Jose 0 - Santa Monica 0
TOP OF THE 3RD
San Jose Missions batting - Pitching for Santa Monica Bruins : RHP Luis De Los Ángeles
Batting: RHB Jesús Cruz 0-0: Ball
1-0: Ball
2-0: Foul Ball, location: 2F
2-1: Ball
3-1: Ground out 4-3 (Groundball, 4)
Batting: LHB Weston Chaney 0-0: Foul Ball, location: 2F
0-1: Swinging Strike
0-2: Strikes out swinging
Batting: SHB Ángel González 0-0: Called Strike
0-1: SINGLE (Groundball, 56) (infield hit)
Batting: LHB Chris Moore 0-0: Called Strike
0-1: Ball
1-1: Foul Ball, location: 2F
1-2: Ball
2-2: Ball
Wild Pitch!
Ángel González to second
3-2: Strikes out looking
Top of the 3rd over - 0 runs, 1 hit, 0 errors, 1 left on base; San Jose 0 - Santa Monica 0
BOTTOM OF THE 3RD
Santa Monica Bruins batting - Pitching for San Jose Missions : LHP Phil Davis
Batting: LHB Gonzalo Benítez 0-0: Called Strike
0-1: Fly out, F8 (Flyball, 8LD)
Batting: RHB Ernest Russell 0-0: Ball
1-0: Fly out, F8 (Flyball, 78M)
Batting: LHB Michael Myers 0-0: Ball
1-0: Fly out, F8 (Flyball, 8RD)
Bottom of the 3rd over - 0 runs, 0 hits, 0 errors, 0 left on base; San Jose 0 - Santa Monica 0
TOP OF THE 4TH
San Jose Missions batting - Pitching for Santa Monica Bruins : RHP Luis De Los Ángeles
Batting: RHB Jorge Díaz 0-0: Called Strike
0-1: Swinging Strike
0-2: Ball
1-2: Strikes out swinging
Batting: LHB John Foster 0-0: Foul Ball, location: 2F
0-1: Ball
1-1: Ball
2-1: Ball
3-1: Ground out U3 (Groundball, 34)
Batting: RHB Jaime Spiridon 0-0: Ball
1-0: Called Strike
1-1: Ball
2-1: Foul Ball, location: 2F
2-2: Ground out 3-1 (Groundball, 34S)
Top of the 4th over - 0 runs, 0 hits, 0 errors, 0 left on base; San Jose 0 - Santa Monica 0
BOTTOM OF THE 4TH
Santa Monica Bruins batting - Pitching for San Jose Missions : LHP Phil Davis
Batting: RHB John Nelson 0-0: Ground out U3 (Groundball, 3)
Batting: RHB Luis Martínez 0-0: Ball
1-0: Called Strike
1-1: Foul Ball, location: 2F
1-2: Ball
2-2: Ball
3-2: Foul Ball, location: 2F
3-2: Fly out, F3 (Line Drive, 3S)
Batting: LHB Arthur MacDonald 0-0: Foul Ball, location: 2F
0-1: Foul Ball, location: 2F
0-2: Ball
1-2: Ball
2-2: Ball
3-2: Foul Ball, location: 2F
3-2: Fly out, F2 (Popup, 23F)
Bottom of the 4th over - 0 runs, 0 hits, 0 errors, 0 left on base; San Jose 0 - Santa Monica 0
TOP OF THE 5TH
San Jose Missions batting - Pitching for Santa Monica Bruins : RHP Luis De Los Ángeles
Batting: RHB Jaime Rodríguez 0-0: Called Strike
0-1: Ball
1-1: DOUBLE (Line Drive, 8LXD) - OUT at third base trying to stretch hit.
Batting: RHB Irwin Duncan 0-0: Called Strike
0-1: Ball
1-1: SINGLE (Groundball, 6MD)
Batting: RHB Jesús Cruz 0-0: Ball
1-0: 2-RUN HOME RUN (Flyball, 7D), Distance : 357 ft
Batting: LHB Weston Chaney 0-0: Ball
1-0: Ball
2-0: Called Strike
2-1: Foul Ball, location: 2F
2-2: Foul Ball, location: 2F
2-2: Foul Ball, location: 2F
2-2: Foul Ball, location: 2F
2-2: Ball
3-2: SINGLE (Line Drive, 6MD)
Batting: SHB Ángel González 0-0: Called Strike
0-1: Fly out, F7 (Flyball, 78S)
Batting: LHB Chris Moore 0-0: Ball
1-0: Fielders Choice at 2nd, U6 (Groundball, 6M)
Top of the 5th over - 2 runs, 4 hits, 0 errors, 1 left on base; San Jose 2 - Santa Monica 0
BOTTOM OF THE 5TH
Santa Monica Bruins batting - Pitching for San Jose Missions : LHP Phil Davis
Batting: RHB Javier González 0-0: Ground out 5-3 (Groundball, 56)
Batting: RHB Armando Colón 0-0: Ball
1-0: Ball
2-0: Called Strike
2-1: Ball
3-1: Base on Balls
Batting: RHB Victor Andrews 0-0: Ball
1-0: Foul Ball, location: 2F
1-1: Called Strike
1-2: TRIPLE (Flyball, 9D)
Armando Colón scores
Batting: LHB Gonzalo Benítez 0-0: Called Strike
0-1: Ground out U3 (Groundball, 3)
Batting: RHB Ernest Russell 0-0: Called Strike
Balk!
Victor Andrews scores
0-1: Ball
1-1: Ball
2-1: SINGLE (Line Drive, 6M)
Batting: LHB Michael Myers 0-0: Ball
1-0: Ball
2-0: Ball
Ernest Russell is caught stealing 2nd base
Bottom of the 5th over - 2 runs, 2 hits, 0 errors, 0 left on base; San Jose 2 - Santa Monica 2
TOP OF THE 6TH
San Jose Missions batting - Pitching for Santa Monica Bruins : RHP Luis De Los Ángeles
Batting: RHB Jorge Díaz 0-0: Ball
1-0: Foul Ball, location: 2F
1-1: Ball
2-1: Ground out 5-3 (Groundball, 5)
Batting: LHB John Foster 0-0: Foul Ball, location: 2F
0-1: Fly out, F8 (Flyball, 8LS)
Batting: RHB Jaime Spiridon 0-0: Swinging Strike
0-1: Swinging Strike
0-2: Strikes out looking
Top of the 6th over - 0 runs, 0 hits, 0 errors, 0 left on base; San Jose 2 - Santa Monica 2
BOTTOM OF THE 6TH
Santa Monica Bruins batting - Pitching for San Jose Missions : LHP Phil Davis
Batting: LHB Michael Myers 0-0: Ball
1-0: Ball
2-0: Called Strike
2-1: Foul Ball, location: 2F
2-2: DOUBLE (Line Drive, 9D)
Batting: RHB John Nelson 0-0: Called Strike
0-1: Ball
1-1: Called Strike
1-2: Foul Ball, location: 2F
1-2: Strikes out swinging
Batting: RHB Luis Martínez 0-0: Intentional Walk
Batting: LHB Arthur MacDonald 0-0: Called Strike
0-1: Called Strike
0-2: Grounds into double play, 4-6-3 (Groundball, 34D)
Bottom of the 6th over - 0 runs, 1 hit, 0 errors, 1 left on base; San Jose 2 - Santa Monica 2
TOP OF THE 7TH
San Jose Missions batting - Pitching for Santa Monica Bruins : RHP Luis De Los Ángeles
Batting: RHB Jaime Rodríguez 0-0: Foul Ball, location: 2F
0-1: Swinging Strike
0-2: Foul Ball, location: 2F
0-2: Ball
1-2: Ball
2-2: Foul Ball, location: 2F
2-2: Strikes out looking
Batting: RHB Irwin Duncan 0-0: Swinging Strike
0-1: Fly out, F8 (Flyball, 8LS)
Pinch Hitting: LHB Frank Geddes 0-0: Ball
1-0: Ball
2-0: Called Strike
2-1: Ground out 6-3 (Groundball, 6)
Top of the 7th over - 0 runs, 0 hits, 0 errors, 0 left on base; San Jose 2 - Santa Monica 2
BOTTOM OF THE 7TH
Santa Monica Bruins batting - Pitching for San Jose Missions : LHP Phil Davis
Now at 2B: Ed Starr
Batting: RHB Javier González 0-0: Ball
1-0: Fly out, F8 (Flyball, 78M)
Batting: RHB Armando Colón 0-0: Fly out, F7 (Flyball, 7LSF)
Batting: RHB Victor Andrews 0-0: Ball
1-0: Ball
2-0: Called Strike
2-1: DOUBLE (Line Drive, 78XD)
Pitching: RHP Miguel García
Pinch Hitting: LHB John White 0-0: Ball
1-0: Called Strike
1-1: Swinging Strike
1-2: Ground out 5-3 (Groundball, 56)
Bottom of the 7th over - 0 runs, 1 hit, 0 errors, 1 left on base; San Jose 2 - Santa Monica 2
TOP OF THE 8TH
San Jose Missions batting - Pitching for Santa Monica Bruins : RHP Luis De Los Ángeles
Pitching: RHP Soichiro Ikeda
Now in CF: Jung-ha Kim
Batting: LHB Weston Chaney 0-0: Ball
1-0: SOLO HOME RUN (Flyball, 78XD), Distance : 402 ft
Batting: SHB Ángel González 0-0: Swinging Strike
0-1: Ball
1-1: Swinging Strike
1-2: Strikes out swinging
Batting: LHB Chris Moore 0-0: Foul Ball, location: 2F
0-1: Ball
1-1: Ball
2-1: Ball
3-1: Base on Balls
Batting: RHB Jorge Díaz 0-0: Ball
1-0: Foul Ball, location: 2F
1-1: Ball
2-1: SINGLE (Line Drive, 4MD)
Chris Moore to second
Batting: LHB John Foster 0-0: Called Strike
0-1: Ball
1-1: Foul Ball, location: 2F
1-2: Strikes out swinging
Batting: RHB Jaime Spiridon 0-0: Swinging Strike
0-1: Called Strike
0-2: Ball
1-2: Ball
2-2: Foul Ball, location: 2F
2-2: Foul Ball, location: 2F
2-2: Foul Ball, location: 2F
2-2: Strikes out swinging
Top of the 8th over - 1 run, 2 hits, 0 errors, 2 left on base; San Jose 3 - Santa Monica 2
BOTTOM OF THE 8TH
Santa Monica Bruins batting - Pitching for San Jose Missions : RHP Miguel García
Batting: RHB Ernest Russell 0-0: Ball
1-0: Called Strike
1-1: Ball
2-1: SINGLE (Flyball, 9)
Pitching: LHP Armando Rodríguez
Pinch Hitting: RHB Pablo Peña 0-0: Ball
1-0: Ball
2-0: Sac Bunt - play at first, batter OUT! 1-4
Ernest Russell to second
Pitching: RHP Shiki Kanno
Batting: RHB John Nelson 0-0: Ball
1-0: SINGLE (Line Drive, 9S)
Ernest Russell to third
Batting: RHB Luis Martínez 0-0: SINGLE (Groundball, 34D)
Ernest Russell scores
John Nelson to second
Runner from 2nd tries for 3rd, SAFE, throw made to third
Pitching: RHP Brandon Mitchell
Batting: LHB Arthur MacDonald 0-0: Fly out, F9 (Flyball, 9LD)
Runner from 3rd tags up, SCORES, throw made
Batting: RHB Javier González 0-0: Swinging Strike
0-1: Foul Ball, location: 2F
0-2: Strikes out swinging
Bottom of the 8th over - 2 runs, 3 hits, 0 errors, 1 left on base; San Jose 3 - Santa Monica 4
TOP OF THE 9TH
San Jose Missions batting - Pitching for Santa Monica Bruins : RHP Soichiro Ikeda
Pitching: RHP Dave Riley
Now at SS: Matt O'Rourke
Batting: RHB Jaime Rodríguez 0-0: Swinging Strike
0-1: Ball
1-1: Swinging Strike
1-2: Foul Ball, location: 2F
1-2: Ball
2-2: Foul Ball, location: 2F
2-2: Foul Ball, location: 2F
2-2: Strikes out swinging
Pinch Hitting: SHB David Johnstone 0-0: Swinging Strike
0-1: Swinging Strike
0-2: Ball
1-2: Foul Ball, location: 2F
1-2: Ball
2-2: Foul Ball, location: 2F
2-2: Strikes out swinging
Batting: RHB Ed Starr 0-0: Ball
1-0: Ball
2-0: Ball
3-0: Called Strike
3-1: Swinging Strike
3-2: Foul Ball, location: 2F
3-2: Strikes out looking
Top of the 9th over - 0 runs, 0 hits, 0 errors, 0 left on base; San Jose 3 - Santa Monica 4
Saturday, April 7th, 2018 - OOTP Baseball 18.8 Build 76